 Dungeon Crawl Stone Soup version bcrawl-1.27.6 (webtiles) character file.

Game seed: 11142603427876939855

212352 Faustar the Skirmisher (level 6, 0/41 HPs)
             Began as a Gargoyle Fighter on Oct 7, 2020.
             Slain by a hippogriff (2 damage)
             ... on level 4 of the Dungeon.
             The game lasted 00:05:35 (2512 turns).

Faustar the Skirmisher (Gargoyle Fighter)           Turns: 2512, Time: 00:05:36

Health: 0/41       AC: 11    Str: 21    XL:     6   Next: 58%
Magic:  6/6        EV:  9    Int:  9    God:
Gold:   288        SH:  0    Dex:  9    Spells: 5/5 levels left

rFire    . . .     SeeInvis .   a - +0 flail
rCold    . . .     Gourm    .   (no shield)
rNeg     + . .     Faith    .   b - +0 scale mail
rPois    ∞         Spirit   .   (no helmet)
rElec    +         Reflect  .   (no cloak)
rCorr    .         Harm     .   (no gloves)
MR       .....                  (no boots)
Stlth    ..........             (no amulet)
HPRegen  0.13/turn              (no ring)
MPRegen  0.10/turn              (no ring)

@: no status effects
A: negative energy resistance 1, electricity resistance, unbreathing,
petrification resistance, rot immunity, AC +4
a: no special abilities


You were on level 4 of the Dungeon.
You were not hungry.

You visited 1 branch of the dungeon, and saw 4 of its levels.

You collected 288 gold pieces.

Inventory:

Hand Weapons
 a - a +0 flail (weapon)
 w - the +8 long sword "Lal Ula" {chaos, Int+3, unknown}
   (You found it on level 4 of the Dungeon)

   Each time it hits an enemy it has a different, random effect.
   It affects your intelligence (+3).
Armour
 b - a +0 scale mail (worn)
 c - a +0 medium shield
 o - a +0 plate armour
Jewellery
 n - an uncursed ring of magical power {unknown}
Scrolls
 g - 3 scrolls of remove curse {unknown}
 h - a scroll of blinking {unknown}
 i - a scroll of teleportation {unknown}
 j - a scroll of enchant armour {unknown}
 k - 2 scrolls of enchant weapon {unknown}
 m - 7 scrolls of identify
 p - 2 scrolls of magic mapping {unknown}
 q - a scroll of immolation {unknown}
 r - a scroll of fog {unknown}
 v - a scroll of amnesia {unknown}
Potions
 d - a potion of might
 f - a potion of heal wounds {unknown}
 l - a potion of ambrosia {unknown}
 s - a potion of curing {unknown}
 u - a potion of agility {unknown}
Comestibles
 e - 7 rations {!d}


   Skills:
 + Level 6.0 Fighting
 + Level 4.9 Maces & Flails
 - Level 3.2 Armour
 - Level 3.2 Shields


You had 5 spell levels left.
You didn't know any spells.
Your spell library was empty.

Dungeon Overview and Level Annotations

Branches:
Dungeon (4/12)
 Temple: D:4-7

Altars:
Wu Jian
Yredelemnul


Innate Abilities, Weirdness & Mutations

You are resistant to torment.
Your stone body is resilient. (AC +4)
You are immune to poison.
You resist negative energy. (rN+)
You are resistant to electric shocks. (rElec)
You can survive without breathing.
You are immune to petrification.
You are immune to rotting.


Message History

The hippogriff bites you.
* * * LOW HITPOINT WARNING * * *
The hippogriff pecks you but does no damage.
The hippogriff claws you.
* * * LOW HITPOINT WARNING * * *
Your scale mail prevents you from hitting the hippogriff.
The hippogriff is almost dead.
The hippogriff bites you but does no damage.
The hippogriff pecks you but does no damage.
The hippogriff barely misses you.
You barely miss the hippogriff.
The hippogriff is almost dead.
The hippogriff bites you but does no damage.
The hippogriff pecks you.
* * * LOW HITPOINT WARNING * * *
The hippogriff closely misses you.
You hit the hippogriff.
The hippogriff is almost dead.
The hippogriff bites you.
You die...

##.H..### ###....###
#.'....## #.'...###
#.'....## #.#....###
#.##....###
####H##.....## ##.##@#
#.....# #.....#.##.....
#.....#..##....
#.....#...##.. #
#.....#....# ##
####..##...# ####.
#.####..##...#######.##.
.............#..........
.............#..........


You could see a hippogriff.

Vanquished Creatures
  An ice beast (D:3)
  A phantom (D:4)
  An iguana (D:4)
  2 adders
  4 gnolls (D:3)
  An adder skeleton (D:3)
  A worm (D:2)
  3 dart slugs
  5 leopard geckos
  2 orcs (D:3)
  5 bats
  4 goblins
  8 hobgoblins
  9 jackals
  3 quokkas
  A frilled lizard (D:3)
  6 kobolds
  4 rats
61 creatures vanquished.

Notes
Turn   | Place    | Note
-------+----------+-------------------------------------------
     0 | D:1      | Faustar the Gargoyle Fighter began the quest for the Orb.
     0 | D:1      | Reached XP level 1. HP: 14/14 MP: 1/1
   129 | D:1      | Reached XP level 2. HP: 16/19 MP: 2/2
   859 | D:2      | Reached XP level 3. HP: 24/24 MP: 3/3
   907 | D:2      | Reached skill level 4 in Fighting
  1263 | D:2      | Found a basalt altar of Yredelemnul.
  1402 | D:2      | Found an ornate altar of the Wu Jian Council.
  1632 | D:3      | Reached XP level 4. HP: 29/30 MP: 4/4
  2111 | D:3      | Noticed an ice beast
  2124 | D:3      | Killed an ice beast
  2124 | D:3      | Reached skill level 5 in Fighting
  2124 | D:3      | Reached XP level 5. HP: 35/35 MP: 5/5
  2264 | D:4      | Reached XP level 6. HP: 37/40 MP: 6/6
  2302 | D:4      | Noticed a troll
  2378 | D:4      | Got a blackened long sword
  2388 | D:4      | Noticed a phantom
  2427 | D:4      | Killed a phantom
  2475 | D:4      | Reached skill level 6 in Fighting
  2490 | D:4      | Noticed a hippogriff
  2511 | D:4      | HP: 2/41 [hippogriff (4)]
  2512 | D:4      | Slain by a hippogriff

Skill      XL: |  1  2  3  4  5  6 |
---------------+-------------------+-----
Fighting       | 4 5 6 |  6.0
Maces & Flails | 3 4 |  4.9
Armour         | |  3.2
Shields        | |  3.2

Action                   |  1- 3 |  4- 6 || total
-------------------------+-------+-------++-------
Melee: Flail             |   163 |   124 ||   287
  Eat: Chunk             |     7 |     7 ||    14
Armor: Scale mail        |    37 |    36 ||    73
       Plate armour      |   141 |   107 ||   248
Dodge: Dodged            |   100 |    70 ||   170
Block: Medium shield     |     2 |       ||     2
